 Dungeon Crawl Stone Soup version 0.27.0-1-g7a089689b8 (webtiles) character file.

Game seed: 14387707618806957666

29363 sanka the Zephyrmancer (level 13, -7/118 HPs)
             Began as a Naga Air Elementalist on Aug 6, 2021.
             Was an Elder of Okawaru.
             Mangled by an elephant (11 damage)
             ... on level 4 of the Lair of Beasts.
             The game lasted 00:55:54 (23459 turns).

sanka the Zephyrmancer (Naga Air Elementalist)     Turns: 23459, Time: 00:55:55

Health: -7/118     AC: 17    Str: 10    XL:     13   Next: 44%
Magic:  5/20       EV: 13    Int: 22    God:    Okawaru [****..]
Gold:   208        SH:  0    Dex: 20    Spells: 5/22 levels left

rFire    . . .     SeeInvis +   a - +3 dire flail (drain)
rCold    . . .     Faith    .   (shield currently unavailable)
rNeg     + . .     Spirit   .   S - +1 leather armour of Contentment {rN+ Int+3}
rPois    +         Reflect  .   I - +0 helmet
rElec    .         Harm     .   (no cloak)
rCorr    .         Rampage  .   (no gloves)
Will     +....                  M - +0 barding {Fly}
Stlth    ++++......             p - amulet of regeneration
HPRegen  1.29/turn              T - +4 ring of protection
MPRegen  0.17/turn              J - +6 ring of dexterity

@: about to teleport, heroic, flying, very slow
A: AC +4, large, see invisible, deformed body, poison resistance, slowness 2,
spit poison 1, naga tail 2
a: Spit Poison, Renounce Religion, Heroism


You were on level 4 of the Lair of Beasts.
You worshipped Okawaru.
Okawaru was greatly pleased with you.
You visited 3 branches of the dungeon, and saw 16 of its levels.

You collected 791 gold pieces.
You spent 583 gold pieces at shops.


Innate Abilities, Weirdness & Mutations

Your serpentine skin is tough. (AC +4)
You have supernaturally acute eyesight. (SInv)
Armour fits poorly on your strangely shaped body.
Your system is resistant to poisons. (rPois)
You cover ground very slowly.
You can spit poison.
You can use your snake-like lower body to constrict enemies.


   Skills:
 - Level 8.7(13.7) Fighting
 - Level 4.1(9.1) Dodging
 - Level 3.5(8.5) Stealth
 - Level 6.2(11.2) Shields
 - Level 5.2 Spellcasting
 - Level 5.0 Conjurations
 + Level 9.6 Transmutations
 + Level 14.0 Air Magic
 - Level 4.0 Invocations


You had 5 spell levels left.
You knew the following spells:

 Your Spells              Type           Power      Damage    Failure   Level
s - Swiftness             Air            61%        N/A       1%          3
x - Airstrike             Air            30%        N/A       1%          4
y - Storm Form            Tmut/Air       27%        N/A       65%         7
z - Shock                 Conj/Air       100%       1d9       1%          1
Z - Static Discharge      Conj/Air       47%        N/A       1%          2

Your spell library contained the following spells:

 Spells                   Type           Power      Damage    Failure   Level
 Blade Hands              Tmut           24%        N/A       7%          5
 Freeze                   Ice            20%        1d4       13%         1
 Pain                     Necr           20%        1d5       13%         1
 Blink                    Tloc           N/A        N/A       21%         2
 Frozen Ramparts          Ice            10%        1d3       36%         3
 Portal Projectile        Hex/Tloc       10%        N/A       36%         3
 Hailstorm                Conj/Ice       16%        3d6       43%         4
 Iskenderun's Battlesphe  Conj           27%        2d8       43%         5
 Fireball                 Conj/Fire      8%         3d6       78%         5
 Agony                    Necr           5%         N/A       98%         5
 Excruciating Wounds      Necr           2%         N/A       98%         5
 Manifold Assault         Tloc           5%         N/A       98%         5
 Conjure Ball Lightning   Conj/Air       23%        3x3d6     38%         6
 Iron Shot                Conj/Erth      8%         9d3       100%        6
 Orb of Destruction       Conj           13%        9d6       100%        7
 Spellforged Servitor     Conj/Summ      8%         N/A       100%        7

Inventory:

Hand Weapons
 a - a +3 dire flail of draining (weapon)
 w - a +0 trident
 x - a +1 dire flail of freezing
 E - a +1 dagger of venom
 F - a +2 morningstar of freezing
Armour
 h - a +0 kite shield
 y - a +0 tower shield of reflection
 D - a +0 robe
 I - a +0 helmet (worn)
 M - a +0 barding of flying (worn)
 S - the +1 leather armour of Contentment (worn) {rN+ Int+3}

   Int:       It affects your intelligence (+3).
   rN:        It protects you from negative energy.
Magical Staves
 f - a staff of death
Jewellery
 i - a ring of positive energy
 l - a +6 ring of strength
 p - an amulet of regeneration (around neck)
 q - a +6 ring of strength
 t - an amulet of magic regeneration
 z - an amulet of the acrobat
 G - a ring of ice
 J - a +6 ring of dexterity (right hand)
 P - an amulet of faith
 T - a +4 ring of protection (left hand)
Wands
 N - a wand of digging (9)
 V - a wand of iceblast (21)
 W - a wand of charming (9)
Scrolls
 b - 2 scrolls of vulnerability {!r}
 e - a scroll of blinking {unknown}
 g - 3 scrolls of fog
 k - 2 scrolls of magic mapping {unknown}
 r - 3 scrolls of immolation {!r}
 v - 2 scrolls of enchant armour {unknown}
 A - 2 scrolls of enchant weapon
 C - 4 scrolls of amnesia
 K - a scroll of teleportation {@r4}
 U - 2 scrolls of identify {@r1}
Potions
 d - 4 potions of flight
 j - 2 potions of curing {@q1}
 m - 3 potions of heal wounds {unknown}
 n - 3 potions of brilliance {unknown}
 o - a potion of lignification {!q}
 s - 2 potions of attraction {unknown}
 u - a potion of mutation {unknown}
 B - a potion of berserk rage {unknown}
 H - a potion of cancellation {unknown}
 L - a potion of haste {unknown}
 O - a potion of resistance {unknown}
 Q - a potion of ambrosia
 R - a potion of might {unknown}

Dungeon Overview and Level Annotations

Branches:
Dungeon (11/15)            Temple (1/1) D:4            Lair (4/6) D:10
  Swamp (0/4) Lair:3        Snake (0/4) Lair:2
    Orc: D:9-12

Altars:
Ashenzari
Cheibriados
Dithmenos
Elyvilon
Fedhas
Gozag
Hepliaklqana
Kikubaaqudgha
Makhleb
Nemelex Xobeh
Okawaru
Qazlal
Ru
Sif Muna
Trog
Uskayaw
Vehumet
Wu Jian
Xom
Yredelemnul
Zin
The Shining One

Shops:
D:4 *   D:9 :::**   D:10 ?

Annotations:
Lair:1 exclusion: hydra
Lair:2 exclusion: hydra
Lair:3 1 exclusion

<.........
..........▒▒▒▒▒▒....
........▒.
▒..▒.....▒▒ ▒▒ ....
.▒......▒ ▒
▒......▒.P. ▒..
▒........▒ .
▒.......)..
▒▒......P▒ ▒▒Y
▒▒▒..f▒▒P..
.▒......▒▒
▒Y.▒▒▒▒..Yf▒...▒
......▒
▒.........+.....
....
▒)..▒Y▒Y...▒....▒ ▒
▒▒N▒....▒...
▒▒▒...▒▒ f. ▒.....
........ ..▒▒▒▒.▒ ▒▒
▒▒


You could see 5 elephants.


Message History

Unknown command.
Unknown command.
The elephant barely misses you. The elephant trunk-slaps you.
* * * LOW HITPOINT WARNING * * *
The elephant tramples you!
* * * LOW HITPOINT WARNING * * *
You hold your ground!
The elephant trunk-slaps you but does no damage.
Unknown command.
Okay, then.
As you read the scroll of teleportation {@r4}, it crumbles to dust.
You feel strangely unstable. The elephant barely misses you.
The elephant trunk-slaps you but does no damage.
The elephant tramples the fungus!
The fungus begins to die.
The elephant trunk-slaps the fungus.
The elephant tramples you.
* * * LOW HITPOINT WARNING * * *
You hold your ground!
The elephant trunk-slaps you but does no damage.
Unknown command.
Unknown command.
Okay, then.
You hit the elephant but do no damage. You drain the elephant.
The elephant is lightly wounded.
The elephant tramples you!
You die...

Action                   |  1- 3 |  4- 6 |  7- 9 | 10-12 | 13-15 || total
-------------------------+-------+-------+-------+-------+-------++-------
Melee: Unarmed           |     7 |       |       |    28 |       ||    35
       Hand axe          |     2 |    15 |    37 |       |       ||    54
       Short sword       |       |     2 |    17 |       |       ||    19
       Dire flail        |       |       |    28 |    28 |    96 ||   152
       Morningstar       |       |       |       |    87 |     4 ||    91
       Constrict         |       |       |       |       |    15 ||    15
 Cast: Shock             |    68 |    93 |   181 |    84 |     3 ||   429
       Airstrike         |       |       |    21 |    80 |    30 ||   131
       Static Discharge  |       |       |     7 |   269 |    26 ||   302
Invok: Heroism           |       |       |       |    26 |     8 ||    34
 Abil: Spit Poison       |    13 |    10 |    25 |    35 |       ||    83
Evoke: Wand              |       |       |       |     2 |       ||     2
  Use: Scroll            |       |       |     5 |     3 |     3 ||    11
       Potion            |       |       |     1 |     5 |     1 ||     7
 Stab: Sleeping          |       |       |     1 |       |     1 ||     2
Armor: Robe              |     3 |     7 |    66 |   142 |     4 ||   222
       Skin              |       |       |       |    24 |       ||    24
       Leather armour    |       |       |       |       |    93 ||    93
Dodge: Dodged            |    12 |    26 |   131 |   299 |   103 ||   571
Block: Kite shield       |       |       |       |   143 |       ||   143

Levels and vault maps discovered:
D:1:      ncdulo_watergridlock, layout_loops_cross, grunt_decor_mini_mirrors
D:2:      layout_loops_corners
D:3:      layout_basic, xom_redecorated, gup_sewer_entry_pipe,
          ebering_ecumenical_altar_mist, corner_web_ring
D:4:      layout_loops_ring, nicolae_gozag_zags_fifth_avenue,
          lemuel_crystal_altar, minmay_temple_entry_tees, serial_glass,
          glass_columns_a, glass_columns_a, glass_columns_b, glass_columns_a,
          glass_columns_c
D:5:      layout_rooms, eino_tiny_chamber
D:6:      layout_rooms, mainiacjoe_overflow_chevrons, mainiacjoe_overflow_paths,
          uniq_edmund
D:7:      layout_loops_ring, general_overflow_altar, amethyst_killhole,
          uniq_crazy_yiuf_cottage
D:8:      layout_basic, serial_corexii_hall, chequers_hall_statues_wall_a,
          chequers_hall_statues_wall_a, chequers_hall_statues_wall_a,
          minmay_misc_feat_ornament, uniq_pikel
D:9:      layout_small_grid, old_standard_altar,
          mainiacjoe_overflow_divided_tiny, serial_rivers,
          chequers_serial_rivers_micro_b, chequers_serial_rivers_small_b,
          chequers_serial_rivers_micro_b, chequers_serial_rivers_micro_e,
          chequers_serial_rivers_micro_c, serial_shops, nicolae_shop_stone,
          nicolae_shop_competitors_out_of_business, nicolae_take_the_stairs,
          nicolae_square_shop, shop, minmay_misc_feat_columns
D:10:     layout_loops_ring, gammafunk_temple_overflow_forgotten,
          marbit_many_paths, minmay_lair_entry_grove, serial_shops, shop,
          minmay_quadrilaterals
D:11:     layout_stronghold, serial_undead, serial_undead_e, serial_undead_c,
          serial_undead_c, serial_undead_a
Temple:   jpeg_temple_island
Lair:1:   layout_long_grid, kennysheep_abandoned_house, uniq_grum
Lair:2:   layout_chaotic_city, guppyfry_snake_entry_garden, minivault_25
Lair:3:   layout_long_grid, nicolae_swamp_entry_splash_gauntlet, special_room
          [special_room_bee], grunt_megastairs_2
Lair:4:   layout_regular_city

Notes
Turn   | Place    | Note
-------+----------+-------------------------------------------
     0 | D:1      | sanka the Naga Air Elementalist began the quest for the
                  | Orb.
     0 | D:1      | Reached XP level 1. HP: 15/15 MP: 3/3
   305 | D:1      | Reached skill level 2 in Conjurations
   305 | D:1      | Reached XP level 2. HP: 22/22 MP: 5/5
   802 | D:1      | Learned a level 2 spell: Static Discharge
  1150 | D:2      | Reached XP level 3. HP: 28/28 MP: 4/6
  1189 | D:2      | Reached skill level 3 in Conjurations
  2367 | D:3      | Reached XP level 4. HP: 28/36 MP: 3/7
  2393 | D:3      | Found a shimmering altar of Xom.
  2393 | D:3      | Found a shimmering altar of Xom.
  2394 | D:3      | Found a shimmering altar of Xom.
  2394 | D:3      | Found a shimmering altar of Xom.
  2563 | D:3      | Found a shimmering altar of Xom.
  2685 | D:3      | Found a faded altar of an unknown god.
  3385 | D:4      | Learned a level 3 spell: Swiftness
  3450 | D:4      | Found a staircase to the Ecumenical Temple.
  3558 | Temple   | Entered the Ecumenical Temple
  3769 | D:4      | Noticed a scorpion
  3775 | D:4      | Killed a scorpion
  3776 | D:4      | Reached skill level 4 in Conjurations
  3776 | D:4      | Reached skill level 4 in Air Magic
  3776 | D:4      | Reached XP level 5. HP: 42/42 MP: 6/8
  3879 | D:4      | Reached XP level 6. HP: 41/49 MP: 1/9
  3974 | D:5      | Entered Level 5 of the Dungeon
  4033 | D:5      | Reached skill level 5 in Conjurations
  4033 | D:5      | Reached skill level 5 in Air Magic
  4475 | D:4      | Found Gozag's Platinum Reserve.
  4476 | D:4      | Found an opulent altar of Gozag.
  4532 | D:4      | Reached XP level 7. HP: 55/55 MP: 3/10
  4753 | D:4      | Found a glowing silver altar of Zin.
  4924 | D:4      | Reached skill level 6 in Air Magic
  4999 | D:4      | Learned a level 4 spell: Airstrike
  5313 | D:5      | Reached skill level 7 in Air Magic
  5894 | D:5      | Reached skill level 8 in Air Magic
  5894 | D:5      | Reached XP level 8. HP: 28/62 MP: 0/11
  6162 | D:6      | Found a sparkling altar of Nemelex Xobeh.
  6327 | D:6      | Reached skill level 9 in Air Magic
  6536 | D:6      | Noticed Edmund
  6608 | D:6      | Killed Edmund
  6658 | D:6      | Reached skill level 10 in Air Magic
  6933 | D:6      | Reached skill level 1 in Fighting
  6933 | D:6      | Reached skill level 1 in Shields
  7018 | D:6      | Reached skill level 2 in Fighting
  7018 | D:6      | Reached XP level 9. HP: 35/73 MP: 3/12
  7166 | D:6      | Reached skill level 2 in Shields
  7216 | D:6      | Reached skill level 3 in Fighting
  7313 | D:6      | Found a blossoming altar of Fedhas.
  7708 | D:7      | Reached skill level 3 in Shields
  7749 | D:7      | Reached skill level 4 in Fighting
  7955 | D:6      | HP: 4/80 [yak (11)]
  7957 | D:6      | Reached skill level 5 in Fighting
  7957 | D:6      | Reached skill level 4 in Shields
  8284 | D:7      | Found an iron altar of Okawaru.
  8700 | D:7      | Became a worshipper of Warmaster Okawaru
  9002 | D:8      | Noticed Pikel
  9007 | D:8      | Killed Pikel
  9008 | D:8      | Reached skill level 6 in Fighting
  9008 | D:8      | Reached skill level 5 in Shields
  9008 | D:8      | Reached XP level 10. HP: 92/92 MP: 4/13
  9398 | D:8      | Reached * piety under Okawaru
  9883 | D:8      | Reached skill level 7 in Fighting
  9982 | D:8      | Reached skill level 1 in Invocations
 10816 | D:8      | Reached skill level 6 in Shields
 10919 | D:9      | Reached skill level 2 in Invocations
 11173 | D:9      | Found Cuqa's General Store.
 11236 | D:9      | Found a sacrificial altar of Ru.
 11236 | D:9      | Found a hazy altar of Hepliaklqana.
 11281 | D:9      | Found Vijoh's Book Shoppe.
 11602 | D:9      | Found an ancient bone altar of Kikubaaqudgha.
 11626 | D:9      | Found Gykhiss's Assorted Antiques.
 11814 | D:9      | Found Jeptatre's Book Boutique.
 11828 | D:9      | Found Boeche Ikki's Book Shop.
 11978 | D:10     | Entered Level 10 of the Dungeon
 12021 | D:10     | Reached skill level 2 in Dodging
 12021 | D:10     | Reached skill level 3 in Invocations
 12113 | D:10     | Noticed a two-headed ogre
 12217 | D:9      | Killed a two-headed ogre
 12217 | D:9      | Reached ** piety under Okawaru
 12218 | D:9      | Reached skill level 8 in Fighting
 12322 | D:10     | Reached skill level 4 in Invocations
 12472 | D:10     | Reached skill level 3 in Dodging
 12571 | D:10     | Reached XP level 11. HP: 103/103 MP: 3/14
 12654 | D:10     | Found a staircase to the Lair.
 12658 | D:10     | Identified +0 acid dragon scales
 12969 | D:10     | Reached *** piety under Okawaru
 13088 | D:10     | Reached skill level 3 in Spellcasting
 13657 | D:10     | Reached skill level 4 in Spellcasting
 13965 | D:10     | Reached **** piety under Okawaru
 14063 | D:10     | Found a basalt altar of Yredelemnul.
 14561 | D:10     | Reached skill level 4 in Dodging
 14638 | D:10     | Found Qekomana's Magic Scroll Boutique.
 14686 | D:10     | Reached skill level 5 in Spellcasting
 15096 | D:10     | Found a bloodstained altar of Trog.
 15096 | D:10     | Found a snail-covered altar of Cheibriados.
 15096 | D:10     | Found a radiant altar of Vehumet.
 15522 | D:9      | Bought an Inescapable Atlas for 544 gold pieces
 15530 | D:9      | Learned a level 7 spell: Storm Form
 15717 | D:11     | Reached skill level 11 in Air Magic
 15824 | D:11     | Reached skill level 1 in Transmutations
 16041 | D:11     | Reached skill level 2 in Transmutations
 16290 | D:11     | Reached ***** piety under Okawaru
 16306 | D:11     | Reached skill level 3 in Transmutations
 16308 | D:11     | Reached XP level 12. HP: 45/112 MP: 1/19
 16415 | D:11     | Noticed a seven-headed hydra
 16560 | D:11     | Received a gift from Okawaru
 17086 | D:11     | Reached skill level 4 in Transmutations
 17254 | Lair:1   | Entered Level 1 of the Lair of Beasts
 17433 | Lair:1   | Noticed Grum
 17442 | Lair:1   | Killed Grum
 17863 | Lair:1   | Reached skill level 5 in Transmutations
 17919 | D:10     | Reached skill level 12 in Air Magic
 17919 | D:10     | HP: 11/112 [/static electricity (1)]
 17919 | D:10     | HP: 1/112 [yak (11)]
 18107 | Lair:1   | Identified the +0 pair of boots of Jexoyzemi {Str+4}
 18377 | Lair:1   | Noticed a five-headed hydra
 18942 | Lair:1   | Reached skill level 6 in Transmutations
 19660 | Lair:2   | Noticed a boulder beetle
 19969 | Lair:1   | Killed a boulder beetle
 19970 | Lair:1   | Reached skill level 7 in Transmutations
 20151 | D:10     | Bought a scroll of teleportation for 39 gold pieces
 20482 | Lair:2   | Reached skill level 13 in Air Magic
 20686 | Lair:2   | Noticed an eight-headed hydra
 20695 | Lair:2   | Killed an eight-headed hydra
 20895 | Lair:2   | Reached skill level 8 in Transmutations
 20895 | Lair:2   | Gained mutation: You can use your snake-like lower body to
                  | constrict enemies. [Naga growth]
 20895 | Lair:2   | Reached XP level 13. HP: 89/118 MP: 6/20
 21055 | Lair:2   | Found a staircase to the Snake Pit.
 21807 | Lair:3   | Identified the +1 leather armour of Contentment {rN+ Int+3}
 22244 | Lair:3   | Found a staircase to the Swamp.
 22374 | Lair:3   | Reached skill level 9 in Transmutations
 23436 | Lair:4   | Reached skill level 14 in Air Magic
 23456 | Lair:4   | HP: 7/118 [elephant (10)]
 23457 | Lair:4   | HP: 2/118 [elephant (8)]
 23459 | Lair:4   | Mangled by an elephant

Vanquished Creatures
  A hydra (Lair:2)
  A boulder beetle (Lair:1)
  A two-headed ogre (D:9)
  2 bog bodies (Lair:3)
  Pikel (D:8)
  8 elephants
  3 black mambas
  2 gargoyles
  2 rime drakes
  5 cane toads
  5 komodo dragons
  A troll (D:11)
  A hornet (D:8)
  6 blink frogs (Lair:1)
  2 vampires (D:10)
  A wraith (D:10)
  2 shadows
  Grum (Lair:1)
  45 yaks
  4 wyverns
  2 basilisks (Lair:1)
  Edmund (D:6)
  A swamp worm (Lair:3)
  An acid dragon (D:10)
  3 nagas (Lair:2)
  12 water moccasins
  4 black bears
  2 hornet zombies (D:8)
  6 orc warriors
  3 sky beasts
  2 necrophages
  An ogre (D:5)
  6 centaurs
  2 phantoms
  7 wolves
  2 kobold brigands (D:10)
  7 bullfrogs
  A wyvern zombie (D:7)
  4 scorpions
  12 killer bees
  10 wights
  An electric eel (Lair:3)
  3 howler monkeys
  A bullfrog zombie (D:5)
  5 centaur zombies
  A jelly (D:4)
  2 orc priests
  A gnoll shaman (D:7)
  4 hounds
  2 bullfrog skeletons
  4 centaur skeletons
  4 iguanas
  3 hell rats (Lair:1)
  8 orc wizards
  A howler monkey zombie (D:9)
  5 adders
  6 gnolls
  A howler monkey skeleton (D:5)
  4 river rats (Lair:1)
  2 ufetubi (D:5)
  3 worms
  5 dart slugs
  31 orcs
  5 ball pythons
  6 endoplasms
  5 giant cockroaches (D:3)
  5 goblins
  6 hobgoblins
  12 jackals
  8 quokkas
  3 bats
  5 kobolds
  7 rats
  A bush (D:10)
343 creatures vanquished.

Vanquished Creatures (others)
  21 fungi
  56 plants
77 creatures vanquished.

Grand Total: 420 creatures vanquished
